 Dungeon Crawl Stone Soup version 0.29.1-15-g9cfb28693d (webtiles) character file.

Game seed: 5323542824264237593

1248 101zpm the Magician (level 8, 0/50 HPs)
             Began as a Djinni Fire Elementalist on Mar 16, 2023.
             Was a Believer of Uskayaw.
             Slain by a crimson imp (4 damage)
             ... on level 5 of the Dungeon.
             The game lasted 00:21:19 (8283 turns).

101zpm the Magician (Djinni Fire Elementalist)      Turns: 8283, Time: 00:21:19

Health: 0/50       AC:  2    Str:  7    XL:     8   Next: 79%
Gold:   293        EV: 12    Int: 20    God:    Uskayaw [**....] SH:  0 Dex: 13

rFire   + + .      SeeInvis .   (no weapon)
rCold   x . .      Faith    .   (no shield)
rNeg    . . .      Spirit   .   a - +0 robe
rPois   ∞          Reflect  .   (helmet currently unavailable)
rElec   .          Harm     .   (no cloak)
rCorr   .          Rampage  .   (no gloves)
Will    .....                   (boots unavailable)
Stlth   ++........              (no amulet)
HPRegen 0.16/turn               (no ring)
MPRegen 0.00/turn               (no ring)

@: appendages, flying
A: horns 2, flying, sickness immunity, fire resistance 2, cold vulnerability 1,
float, innate caster, HP casting, extra vitality 1
a: End Transformation, Renounce Religion, Stomp, Line Pass


You were on level 5 of the Dungeon.
You worshipped Uskayaw.
Uskayaw was noncommittal.
You had temporarily grown beastly horns.
You visited 2 branches of the dungeon, and saw 7 of its levels.

You collected 293 gold pieces.

Inventory:

Missiles
 k - a throwing net
Armour
 a - a +0 robe (worn)
 w - a +0 helmet (melded)
Scrolls
 b - 2 scrolls of amnesia {unknown}
 c - 3 scrolls of butterflies {unknown}
 e - a scroll of silence {unknown}
 f - 5 scrolls of identify {unknown}
 h - a scroll of immolation {unknown}
 i - a scroll of poison {unknown}
 j - 2 scrolls of teleportation {unknown}
 l - a scroll of blinking {unknown}
 n - a scroll of magic mapping {unknown}
 s - a scroll of enchant weapon {unknown}
 u - 2 scrolls of brand weapon {unknown}
 v - a scroll of fear {unknown}
 x - a scroll of enchant armour {unknown}
Potions
 d - a potion of brilliance {unknown}
 g - 2 potions of curing {unknown}
 m - 2 potions of degeneration {unknown}
 o - a potion of cancellation {unknown}
 p - 2 potions of heal wounds {unknown}
 q - a potion of might {unknown}
 r - 2 potions of flight {unknown}
 t - 2 potions of mutation {unknown}


   Skills:
 + Level 0.2 Fighting
 + Level 2.5 Dodging
 + Level 3.3 Stealth
 + Level 7.5 Spellcasting


You had 4 spell levels left.
You knew the following spells:

 Your Spells              Type           Power      Damage    Failure   Level
a - Foxfire               Conj/Fire      100%       2x1d9     1%          1
b - Scorch                Fire           74%        2d9       1%          2
c - Conjure Flame         Conj/Fire      37%        6-21      1%          3
d - Inner Flame           Hex/Fire       37%        N/A       1%          3
e - Flame Wave            Conj/Fire      37%        2d10      4%          4
f - Beastly Appendage     Tmut           74%        N/A       1%          1
g - Ensorcelled Hibernat  Hex/Ice        74%        N/A       1%          2
h - Blink                 Tloc           74%        N/A       1%          2
Your spell library was empty.

Dungeon Overview and Level Annotations

Branches:
Dungeon (6/15)             Temple (1/1) D:4

Altars:
Ashenzari
Cheibriados
Fedhas
Gozag
Hepliaklqana
Okawaru
Qazlal
Ru
Trog
Uskayaw
Xom
Yredelemnul
Zin

Shops:
D:5 [

Annotations:
D:4 3 runed translucent doors, Bloodier's ghost, novice MiFi


Innate Abilities, Weirdness & Mutations

You have temporarily grown beastly horns.
You are flying.
You are immune to sickness and miasma.
You are immune to poison.
Your flesh is very heat resistant. (rF++)
You are vulnerable to cold. (rC-)
You float through the air rather than walking.
You learn spells naturally, not from books.
Your magical power is your life essence.
You have superior vitality. (+4 MHP)


Message History

The crimson imp hits you but does no damage.
You hit the crimson imp but do no damage.
The crimson imp is severely wounded.
The crimson imp hits you.
* * * LOW HITPOINT WARNING * * *
You closely miss the crimson imp.
The crimson imp is heavily wounded.
The crimson imp hits you but does no damage.
You hit the crimson imp but do no damage.
The crimson imp is heavily wounded.
The crimson imp hits you.
* * * LOW HITPOINT WARNING * * *
You barely miss the crimson imp.
The crimson imp is heavily wounded.
The crimson imp hits you but does no damage.
You can no longer pass through a line of other dancers.
You hit the crimson imp but do no damage.
You headbutt the crimson imp. Your punch misses the crimson imp.
The crimson imp is almost dead.
The crimson imp closely misses you.
You can now pass through a line of other dancers.
You miss the crimson imp.
The crimson imp is severely wounded.
The crimson imp closely misses you.
You closely miss the crimson imp. Your headbutt misses the crimson imp.
The crimson imp is severely wounded.
The crimson imp puffs mist at you. The crimson imp barely misses you.
You barely miss the crimson imp. Your headbutt misses the crimson imp.
The crimson imp is heavily wounded.
The crimson imp hits you.
* * * LOW HITPOINT WARNING * * *
You hit the crimson imp. Your headbutt misses the crimson imp.
The crimson imp is heavily wounded.
The crimson imp hits you.
* * * LOW HITPOINT WARNING * * *
You barely miss the crimson imp. Your headbutt misses the crimson imp.
The crimson imp is heavily wounded.
The crimson imp hits you.
You die...

#####..##...'.......#.....
##..######..##.......##..##
#.......##..##..##...##..##
#...[...........###'###....
#...............>#...#.....
######..##..##.......#...'.....
#.......##..##.......#...###'##
#.......#...##5.##..##...##.<##
#..#....#...##@###..##...##..#.
#..##...##^.##..######....'..#.
#.)##<..######..##..##....#..'.
#...................##...##..##
#...................#######..##
#.......##..##.......#...######
#.......######.......#.......#.
#........# #>..##..##.......##
#..##....# #...######...##..##


You could see a crimson imp.

Vanquished Creatures
  Eustachio (D:4)
  Menkaure (D:4)
  2 black bears (D:5)
  A centaur (D:5)
  A phantom (D:5)
  2 bullfrogs
  A necrophage (D:4)
  A scorpion (D:5)
  A howler monkey (D:5)
  A hound (D:5)
  A jelly (D:4)
  A gnoll bouda (D:4)
  An iguana (D:5)
  An orc wizard (D:4)
  4 gnolls (D:4)
  9 adders
  A white imp (D:4)
  4 worms
  4 dart slugs
  2 orcs (D:4)
  10 bats
  13 endoplasms
  9 giant cockroaches
  8 goblins
  3 hobgoblins
  2 jackals (D:4)
  3 quokkas (D:4)
  9 ball pythons
  8 frilled lizards
  2 hobgoblin zombies (D:6)
  6 kobolds
  A kobold skeleton (D:6)
  6 rats
120 creatures vanquished.

Vanquished Creatures (others)
  370 foxfires
370 creatures vanquished.

Grand Total: 490 creatures vanquished

Notes
Turn   | Place    | Note
-------+----------+-------------------------------------------
     0 | D:1      | 101zpm the Djinni Fire Elementalist began the quest for the
                  | Orb.
     0 | D:1      | 101zpm set off with the following spells memorised:
                  | Foxfire, Scorch, Conjure Flame, Inner Flame, Flame Wave.
     0 | D:1      | Reached XP level 1. HP: 15/15 MP: 0/0
   367 | D:2      | Reached XP level 2. HP: 20/21 MP: 0/0
   520 | D:2      | Reached skill level 3 in Spellcasting
   625 | D:2      | Reached XP level 3. HP: 19/25 MP: 0/0
   625 | D:2      | Learned a level 1 spell: Beastly Appendage
  1626 | D:2      | Reached XP level 4. HP: 30/31 MP: 0/0
  2863 | D:3      | Reached XP level 5. HP: 31/35 MP: 0/0
  2863 | D:3      | Learned a level 2 spell: Ensorcelled Hibernation
  3066 | D:4      | Reached skill level 4 in Spellcasting
  3326 | D:4      | Reached XP level 6. HP: 17/40 MP: 0/0
  3679 | D:4      | Noticed Eustachio
  3683 | D:4      | Killed Eustachio
  3684 | D:4      | Reached skill level 5 in Spellcasting
  3881 | D:4      | Found a staircase to the Ecumenical Temple.
  3911 | D:4      | Reached XP level 7. HP: 33/45 MP: 0/0
  3911 | D:4      | Learned a level 2 spell: Blink
  4040 | Temple   | Entered the Ecumenical Temple
  4471 | Temple   | Became a worshipper of Uskayaw the Reveller
  4502 | D:5      | Entered Level 5 of the Dungeon
  4506 | D:5      | Reached * piety under Uskayaw
  4609 | D:5      | Reached ** piety under Uskayaw
  4924 | D:5      | Reached skill level 6 in Spellcasting
  5194 | D:5      | Found Qeegaxu's Armour Emporium.
  5229 | D:5      | Reached XP level 8. HP: 36/50 MP: 0/0
  5753 | D:4      | Found a runed translucent gate.
  5753 | D:4      | Found a runed translucent gate.
  5753 | D:4      | Found a runed translucent gate.
  5757 | D:4      | Noticed Bloodier's ghost (novice MiFi)
  5778 | D:4      | Noticed Menkaure
  5781 | D:4      | Killed Menkaure
  5782 | D:4      | Reached skill level 7 in Spellcasting
  5962 | D:4      | Identified the +3 plate armour of Jueqotz {rPois rC- Dex+7}
  6517 | D:4      | Reached *** piety under Uskayaw
  8283 | D:5      | Slain by a crimson imp

Illustrated notes

Levels and vault maps discovered:
D:1:      dpeg_arrival_pits, layout_basic
D:2:      layout_basic, kennysheep_generic_room_9
D:3:      layout_basic, nicolae_sif_muna_condensation, minivault_14
D:4:      minmay_thinvault, layout_gridville, minmay_temple_entry_ruins,
          portal_sewer_entry_a, gammafunk_ghost_necromancy,
          grunt_decor_fettered, nicolae_underground_beach, uniq_menkaure,
          uniq_eustachio
D:5:      layout_gridville, serial_shops, nicolae_shop_crystal
D:6:      layout_cave_pods, nicolae_tso_besieged_by_evil,
          nicolae_dithmenos_shadow_blocks, st_stairs_10
Temple:   compressed_dpeg_triangle_lava_temple

Skill      XL: |  1  2  3  4  5  6  7  8 |
---------------+-------------------------+-----
Spellcasting   | 3 4 5 6 7 |  7.5
Stealth        | 2 3 |  3.3
Fighting       | |  0.2
Dodging        | |  2.5

Action                   |  1- 3 |  4- 6 |  7- 9 || total
-------------------------+-------+-------+-------++-------
Melee: Unarmed           |       |       |    23 ||    23
       Headbutt          |       |       |     5 ||     5
 Cast: Foxfire           |    57 |   102 |    76 ||   235
       Scorch            |    13 |    11 |    42 ||    66
       Inner Flame       |       |    15 |    39 ||    54
       Ensorcelled Hiber |       |     1 |     3 ||     4
       Blink             |       |       |     2 ||     2
       Beastly Appendage |       |       |     1 ||     1
Armor: Robe              |       |       |     8 ||     8
Dodge: Dodged            |     3 |     2 |    19 ||    24
